 Dungeon Crawl Stone Soup version 0.24-a0-462-ge24419a6ad (webtiles) character file.

Game seed: 12791067807309266375

24 Mithandil the Conjurer (level 2, -4/15 HPs)
             Began as a Deep Elf Conjurer on July 2, 2019.
             Killed by nerve-wracking pain
             ... invoked by Jessica
              (6 damage)
             ... on level 2 of the Dungeon.
             The game lasted 00:06:31 (997 turns).

Mithandil the Conjurer (Deep Elf Conjurer)           Turns: 997, Time: 00:06:32

Health: -4/15      AC:  2    Str:  5    XL:     2   Next: 79%
Magic:  2/8        EV: 13    Int: 19    God:
Gold:   34         SH:  0    Dex: 15    Spells: 4/7 levels left

rFire    . . .     SeeInvis .   a - +0 dagger (venom)
rCold    . . .     Gourm    .   (no shield)
rNeg     . . .     Faith    .   d - +0 robe
rPois    .         Spirit   .   (no helmet)
rElec    .         Reflect  .   (no cloak)
rCorr    .         Harm     .   (no gloves)
MR       .....                  (no boots)
Stlth    ++........             (no amulet)
HPRegen  0.05/turn              (no ring)
MPRegen  0.11/turn              (no ring)

@: no status effects
A: no striking features
a: no special abilities


You were on level 2 of the Dungeon.
You were not hungry.

You visited 1 branch of the dungeon, and saw 3 of its levels.

You collected 34 gold pieces.

Inventory:

Hand Weapons
 a - a +0 dagger of venom (weapon)
Missiles
 f - 21 stones (quivered)
Armour
 d - a +0 robe (worn)
Scrolls
 e - a scroll of amnesia {unknown}
Potions
 b - 2 potions of haste {unknown}
Comestibles
 c - 2 rations


   Skills:
 + Level 0.6 Short Blades
 + Level 2.7 Dodging
 + Level 2.7 Stealth
 * Level 3.4 Spellcasting
 * Level 4.7 Conjurations


You had 4 spell levels left.
You knew the following spells:

 Your Spells              Type           Power        Failure   Level  Hunger
a - Magic Dart            Conj           ###.         1%          1    None
b - Searing Ray           Conj           ###...       3%          2    ##.....

Your spell library contained the following spells:

 Spells                   Type           Power        Failure   Level  Hunger
 Dazzling Spray           Conj/Hex       ##....       17%         3    ###....
 Iskenderun's Mystic Bla  Conj           ###.....     21%         4    ####...
 Force Lance              Conj/Tloc      ##......     50%         4    ####...
 Fulminant Prism          Conj/Hex       ##........   50%         4    ####...


Dungeon Overview and Level Annotations

Branches:
Dungeon (3/15)

Altars:

Annotations:
D:2 Jessica


Message History

The magic dart hits the worm but does no damage.
The worm is severely wounded.
The worm misses you.
Casting: Magic Dart (safe; 2% risk of failure)
Confirm with . or Enter, or press ? or * to list all spells.
Aiming: Magic Dart (safe; 2% risk of failure)
Press: ? - help, Shift-Dir - straight line, f/p - Jessica
Aim: Jessica, wearing a +0 robe (fast)
The magic dart hits the worm!
You kill the worm!
Casting: Magic Dart (safe; 1% risk of failure)
Confirm with . or Enter, or press ? or * to list all spells.
Aiming: Magic Dart (safe; 1% risk of failure)
Press: ? - help, Shift-Dir - straight line, f/p - Jessica
Aim: Jessica, wearing a +0 robe (fast)
The magic dart hits Jessica.
Jessica is heavily wounded.
Jessica gestures at you while chanting. Pain shoots through your body!
You die...

###.#####.####
#.#
.............#
#.#
##..#####.##.#
#.# #...##
#.##.# #.#
.....#
#.##.###.#
....##
#........#
##.##
####.....# #.#
#####.# #.#
#@# #+# #@#
#.# #.# #.#
#.# ... ..#


You could see Jessica.

Vanquished Creatures
  A worm (D:2)
  2 dart slugs (D:1)
  A giant cockroach (D:1)
  5 goblins (D:1)
  3 hobgoblins
  2 ball pythons
  2 kobolds (D:1)
  2 rats (D:1)
18 creatures vanquished.

Vanquished Creatures (others)
  4 toadstools (D:1)
4 creatures vanquished.

Grand Total: 22 creatures vanquished

Notes
Turn   | Place    | Note
-------+----------+-------------------------------------------
     0 | D:1      | Mithandil the Deep Elf Conjurer began the quest for the
                  | Orb.
     0 | D:1      | Reached XP level 1. HP: 10/10 MP: 6/6
   184 | D:2      | Reached XP level 2. HP: 15/15 MP: 4/8
   188 | D:2      | Learned a level 2 spell: Searing Ray
   987 | D:2      | Noticed Jessica
   997 | D:2      | Killed from afar by Jessica

Levels and vault maps discovered:
D:1:      ldierk_water_garden, layout_basic
D:2:      layout_loops_corners, nicolae_dithmenos_through_a_glass_darkly,
          chequers_ecumenical_altar_simple_redux, first_ration, uniq_natasha,
          uniq_jessica, uniq_sigmund
D:3:      layout_rooms, chequers_temple_overflow_minitemple

Action                   || total
-------------------------++-------
Melee: Dagger            ||     1
 Cast: Magic Dart        ||    39
Armor: Robe              ||     1
Dodge: Dodged            ||     4

Table legend:
 A = Non-vault XP
 B = Vault XP
 C = Vault XP percentage of total XP
 D = Non-vault monster count
 E = Vault monster count
 F = Vault count percentage of total count
                 A         B        C        D         E       F
            +---------+---------+-------+---------+---------+-------
      Total |      35 |       0 |   0.0 |      18 |       0 |   0.0
            +---------+---------+-------+---------+---------+-------
        D:1 |      26 |       0 |   0.0 |      15 |       0 |   0.0
        D:2 |       9 |       0 |   0.0 |       3 |       0 |   0.0
            +---------+---------+-------+---------+---------+-------
